 Dungeon Crawl Stone Soup version 0.32-a0-876-gcfddb08e57 (webtiles) character file.

Game seed: 7683417410609886152

270 Autsider the Magician (level 6, -1/32 HPs)
             Began as a Deep Elf Hedge Wizard on Mar 31, 2024.
             Killed from afar by an orc wizard (8 damage)
             ... with a magic dart
             ... on level 3 of the Dungeon.
             The game lasted 00:15:17 (3067 turns).

Autsider the Magician (Deep Elf Hedge Wizard)       Turns: 3067, Time: 00:15:18

Health: -1/32      AC:  2    Str:  7    XL:     6   Next: 1%
Magic:  9/17       EV: 12    Int: 21    God:
Gold:   20         SH:  0    Dex: 14    Spells: 10/17 levels left

rFire   . . .        (no weapon)
rCold   . . .        (no shield)
rNeg    . . .        b - +0 robe
rPois   .            c - +0 hat
rElec   .            (no cloak)
rCorr   .            (no gloves)
SInv    .            (no boots)
Will    .....        (no amulet)
Stlth   ++           (no ring)
HPRegen 0.25/turn    (no ring)
MPRegen 0.15/turn

%: no passive effects
@: very slightly contaminated
A: no striking features
a: no special abilities


You were on level 3 of the Dungeon.
You visited 1 branch of the dungeon, and saw 3 of its levels.

You collected 20 gold pieces.

Inventory:

Armour
 b - a +0 robe (worn)
 c - a +0 hat (worn)
Magical Staves
 h - a staff of cold
Jewellery
 a - a ring of fire
Scrolls
 e - a scroll of identify
 g - 2 scrolls of brand weapon
Potions
 d - a potion of magic
 f - a potion of curing
 i - a potion of degeneration {unknown}
 l - a potion of berserk rage {unknown}


   Skills:
 - Level 3.0 Dodging
 - Level 3.0 Stealth
 + Level 6.2 Spellcasting
 + Level 3.5 Conjurations
 + Level 3.6 Summonings
 - Level 1.1 Translocations


You had 10 spell levels left.
You knew the following spells:

 Your Spells              Type           Power      Damage    Failure   Level
a - Magic Dart            Conj           84%        1d7       2%          1
b - Mephitic Cloud        Conj/Alch/Air  11%        N/A       19%         3
A - Summon Small Mammal   Summ           84%        N/A       2%          1
B - Call Imp              Summ           42%        N/A       3%          2

Your spell library contained the following spells:

 Spells                   Type           Power      Damage    Failure   Level
 Sting                    Conj/Alch      52%        1d6       4%          1
 Momentum Strike          Conj/Tloc      32%        3d8       5%          2
 Apportation              Tloc           22%        N/A       6%          1
 Blink                    Tloc           22%        N/A       9%          2
 Lesser Beckoning         Tloc           22%        N/A       9%          2
 Necrotise                Necr           24%        1d5       10%         1
 Slow                     Hex            24%        N/A       10%         1
 Cigotuvi's Dreadful Rot  Necr/Alch/Air  12%        N/A       14%         2
 Stone Arrow              Conj/Erth      26%        3d8       14%         3
 Animate Armour           Summ/Erth      28%        N/A       41%         4
 Lehudib's Crystal Spear  Conj/Erth      6%         10d3      100%        8


Dungeon Overview and Level Annotations

Branches:
Dungeon (3/15)

Altars:
Xom

Annotations:
D:1 exclusion: downstairs
D:2 Terence


Message History

Casting: Summon Small Mammal (safe; 2% risk of failure)
Confirm with . or Enter, or press ? or * to list all spells.
Something closely misses your cerulean imp.
The orc priest hits your cerulean imp with a +0 whip.
Your cerulean imp dies!
Your cerulean imp disappears in a puff of smoke!
Casting: Summon Small Mammal (safe; 2% risk of failure)
Confirm with . or Enter, or press ? or * to list all spells.
A tiny devil pulls itself out of the air.
Your rat bites something.
The orc priest threatens, "Beogh's wrath is as vast as their mercy.
Make your choice!"
Your cerulean imp hits the orc priest but does no damage.
Your rat bites the orc priest but does no damage.
Your quokka bites the orc priest but does no damage.
The orc priest casts a cantrip, but nothing happens.
Your cerulean imp hits the orc priest but does no damage.
Your rat bites the orc priest but does no damage.
Your quokka closely misses the orc priest.
The orc priest hits your rat with a +0 whip.
Your rat dies!
Your rat's corpse disappears in a puff of smoke!
Your cerulean imp closely misses the orc priest.
Your quokka barely misses the orc priest.
Something hits you.
* * * LOW HITPOINT WARNING * * *
Your quokka bites the orc priest.
Your cerulean imp barely misses the orc priest.
Casting: Call Imp (safe; 3% risk of failure)
Confirm with . or Enter, or press ? or * to list all spells.
Aiming: Mephitic Cloud (quite dangerous; 19% risk of failure)
Press: ? - help, Shift-Dir - straight line, p - orc priest You miscast Mephitic Cloud.
You are very lightly contaminated with residual magic.
Nothing appears to happen.
The orc priest shouts, "Surrender to Beogh and we'll let you live!"
Your quokka bites the orc priest but does no damage.
You hear some strange, mumbled words.
A magic dart appears from out of thin air!
The magic dart hits you!
You die...

##### #####################.5.#
................@{...§r§########
...##################§o...)....#
...# #....####........<.#
...##########.##......[........#
.......#......######...........#
...###.....5).#####..#.#....####
.........####...............#
....###### ####o.....<.....#
#...# .........#.....#


You could see an orc priest (distracted, ally target), a friendly cerulean imp
(summoned) and a friendly quokka (summoned).

Vanquished Creatures
  Sigmund (D:2)
  Jessica (D:3)
  3 adders (D:2)
  A dart slug (D:2)
  4 ball pythons
  4 endoplasms
  2 giant cockroaches
  6 goblins
  3 hobgoblins (D:1)
  3 jackals (D:2)
  A quokka (D:2)
  5 bats
  2 frilled lizards (D:2)
  2 kobolds (D:1)
  7 rats
45 creatures vanquished.

Vanquished Creatures (collateral kills)
  2 orcs (D:3)
2 creatures vanquished.

Grand Total: 47 creatures vanquished

Notes
Turn   | Place    | Note
-------+----------+-------------------------------------------
     0 | D:1      | Autsider the Deep Elf Hedge Wizard began the quest for the
                  | Orb.
     0 | D:1      | Reached XP level 1. HP: 10/10 MP: 7/7
   286 | D:1      | Reached XP level 2. HP: 15/15 MP: 1/9
   614 | D:1      | Found a faded altar of an unknown god.
  1272 | D:2      | Reached XP level 3. HP: 16/19 MP: 4/11
  1482 | D:2      | Reached skill level 5 in Spellcasting
  1543 | D:2      | Learned a level 3 spell: Mephitic Cloud
  1545 | D:2      | Learned a level 1 spell: Summon Small Mammal
  1548 | D:2      | Learned a level 2 spell: Call Imp
  1576 | D:2      | Noticed Sigmund
  1926 | D:2      | Killed Sigmund
  1927 | D:2      | Reached skill level 6 in Spellcasting
  1927 | D:2      | Reached XP level 4. HP: 24/24 MP: 2/14
  1927 | D:2      | Reached XP level 5. HP: 28/28 MP: 2/15
  1963 | D:2      | Noticed Terence
  2343 | D:2      | Found a shimmering altar of Xom.
  2721 | D:3      | Noticed Jessica
  2727 | D:3      | Killed Jessica
  2898 | D:3      | Reached XP level 6. HP: 32/32 MP: 17/17
  3067 | D:3      | Killed from afar by an orc wizard

Illustrated notes

Levels and vault maps discovered:
D:1:      dpeg_arrival_windows_large_door, layout_basic,
          ebering_ecumenical_altar_sacrificial, minmay_misc_feat_enclosed
D:2:      layout_basic, basic_altar, uniq_sigmund, uniq_terence
D:3:      layout_rooms, uniq_jessica

Skill      XL: |  1  2  3 |
---------------+----------+-----
Stealth        | 3 |  3.0
Dodging        | 3 |  3.0
Spellcasting   | 6 |  6.2
Summonings     | 3 |  3.6
Conjurations   | 3 |  3.5
Translocations | |  1.1

Action                     |  1- 3 |  4- 6 || total
---------------------------+-------+-------++-------
   Cast: Magic Dart        |   106 |    24 ||   130
         Summon Small Mamm |     5 |     7 ||    12
         Call Imp          |     4 |     8 ||    12
    Use: Scroll            |       |     5 ||     5
 Armour: Robe              |    21 |     3 ||    24
  Dodge: Dodged            |    24 |       ||    24

Table legend: (Time is in decaauts)
 A = Elapsed time spent in this place.
 B = Non-inter-level travel time spent in this place.
 C = Inter-level travel time spent in this place.
 D = Time resting spent in this place.
 E = Time spent auto-exploring this place.
 F = Levels seen in this place.
 G = Mean time per level.
                   A        B        C        D        E       F      G
               +--------+--------+--------+--------+--------+-----+--------+
         Total |   3068 |   2886 |    182 |    351 |   1796 |   3 | 1022.7 |
       Dungeon |   3068 |   2886 |    182 |    351 |   1796 |   3 | 1022.7 |
               +--------+--------+--------+--------+--------+-----+--------+

Top non-repeatable levels by time:
     D:2: 1507 daAuts
     D:1: 1277 daAuts
     D:3: 283 daAuts
